 Dungeon Crawl Stone Soup version 0.31.0-32-g396128a36d (webtiles) character file.

Game seed: 17899565479039958854

53 PaiMei the Grave Robber (level 3, 0/25 HPs)
             Began as a Demonspawn Necromancer on Apr 6, 2024.
             Succumbed to an adder's poison
             ... on level 2 of the Dungeon.
             The game lasted 00:01:36 (1530 turns).

PaiMei the Grave Robber (Demonspawn Necromancer)    Turns: 1530, Time: 00:01:37

Health: 0/25       AC:  2    Str:  8    XL:     3   Next: 64%
Magic:  0/6        EV:  9    Int: 19    God:
Gold:   67         SH:  0    Dex: 13    Spells: 3/7 levels left

rFire   . . .        c - +0 short sword
rCold   . . .        (no shield)
rNeg    . . .        a - +0 robe
rPois   .            (no helmet)
rElec   .            (no cloak)
rCorr   .            (no gloves)
SInv    .            (no boots)
Will    .....        (no amulet)
Stlth   ++           (no ring)
HPRegen 0.24/turn    (no ring)
MPRegen 0.10/turn

%: no passive effects
@: lethally poisoned (0 -> -2), constricted
A: claws 1, big brain 1
a: no special abilities


You were on level 2 of the Dungeon.
You visited 1 branch of the dungeon, and saw 2 of its levels.

You collected 67 gold pieces.

Inventory:

Hand Weapons
 c - a +0 short sword (weapon)
Missiles
 j - 2 poisoned darts (quivered)
Armour
 a - a +0 robe (worn)
Scrolls
 e - 2 scrolls of identify {unknown}
 f - a scroll of teleportation {unknown}
 h - a scroll of brand weapon {unknown}
Potions
 b - a potion of magic
 d - a potion of attraction {unknown}
 g - 2 potions of mutation {unknown}
 i - a potion of haste {unknown}


   Skills:
 + Level 0.6 Fighting
 + Level 2.3 Dodging
 - Level 2.2 Stealth
 + Level 2.5 Spellcasting
 + Level 4.8 Necromancy


You had 3 spell levels left.
You knew the following spells:

 Your Spells              Type           Power      Damage    Failure   Level
a - Necrotise             Necr           80%        1d8       2%          1
b - Vampiric Draining     Necr           20%        2d7       7%          3

Your spell library contained the following spells:

 Spells                   Type           Power      Damage    Failure   Level
 Magic Dart               Conj           8%         1d3       16%         1
 Blink                    Tloc           4%         N/A       24%         2
 Call Imp                 Summ           4%         N/A       24%         2
 Animate Dead             Necr           20%        N/A       22%         4
 Curse of Agony           Necr           20%        N/A       52%         5


Dungeon Overview and Level Annotations

Branches:
Dungeon (2/15)

Altars:


Innate Abilities, Weirdness & Mutations

You have sharp fingernails.
You have an unusually large brain. (Int +2)


Message History

Confirm with . or Enter, or press ? or * to list all spells.
You don't have enough magic to cast this spell.
Casting: Necrotise (safe; 2% risk of failure)
Confirm with . or Enter, or press ? or * to list all spells.
You don't have enough magic to cast this spell.
You hit the adder.
You kill the adder!
You feel sick. The frilled lizard closely misses you.
Casting: Necrotise (safe; 2% risk of failure)
Confirm with . or Enter, or press ? or * to list all spells.
You don't have enough magic to cast this spell.
You barely miss the ball python.
You feel sick. The ball python bites you.
* * * LOW HITPOINT WARNING * * *
The ball python grabs you. The ball python constricts you.
The frilled lizard closely misses you.
Casting: Necrotise (safe; 2% risk of failure)
Confirm with . or Enter, or press ? or * to list all spells.
Aiming: Necrotise (safe; 2% risk of failure)
Press: ? - help, Shift-Dir - straight line, f - ball python
Aim: a ball python (constricting you, chance to affect: 89%)
The ball python writhes in agony.
You kill the ball python!
The dead are slithering!
* * * LOW HITPOINT WARNING * * *
You feel sick. The frilled lizard misses you.
The ball python closely misses you. x2
You barely miss the ball python.
* * * LOW HITPOINT WARNING * * *
You feel sick. The ball python barely misses you. The ball python grabs you.
The ball python constricts you. The frilled lizard bites you.
* * * LOW HITPOINT WARNING * * *
Casting: Necrotise (safe; 2% risk of failure)
Confirm with . or Enter, or press ? or * to list all spells.
You don't have enough magic to cast this spell.
Casting: Necrotise (safe; 2% risk of failure)
Confirm with . or Enter, or press ? or * to list all spells.
You don't have enough magic to cast this spell.
You hit the ball python.
The ball python is moderately wounded.
You die...

#### .. ### ... .##
##.. ... ..## #..# #.##
#..# #..# #...##..##
#..# #....#...# #..#
#...l#Z..# #...
#?..S@Z..## #...
######....# #... #....#
.# #.#. ..####....#...#
#... ................
#...
########.###########...
#.# #........... #.#
#......##...
#.###.##.####.##


You could see a ball python, a frilled lizard (ally target), a friendly bat
skeleton and a friendly ball python skeleton.

Vanquished Creatures
  An adder (D:2)
  A ribbon worm (D:2)
  A dart slug (D:2)
  3 ball pythons
  7 bats
  4 endoplasms
  3 giant cockroaches
  2 goblins
  A hobgoblin (D:1)
  2 jackals (D:1)
  3 kobolds
  A quokka (D:1)
  2 frilled lizards
  5 rats
36 creatures vanquished.

Notes
Turn   | Place    | Note
-------+----------+-------------------------------------------
     0 | D:1      | PaiMei the Demonspawn Necromancer began the quest for the
                  | Orb.
     0 | D:1      | Reached XP level 1. HP: 13/13 MP: 3/3
   311 | D:1      | Gained mutation: You have an unusually large brain. (Int
                  | +2) [demonic ancestry]
   311 | D:1      | Reached XP level 2. HP: 19/19 MP: 0/5
   491 | D:1      | Found a faded altar of an unknown god.
  1179 | D:2      | Gained mutation: You have sharp fingernails. [demonic
                  | ancestry]
  1179 | D:2      | Reached XP level 3. HP: 24/24 MP: 2/6
  1183 | D:2      | Learned a level 3 spell: Vampiric Draining
  1529 | D:2      | HP: 1/25 [frilled lizard (2)]
  1530 | D:2      | Succumbed to an adder's poison

Illustrated notes

Levels and vault maps discovered:
D:1:      lemuel_arrival_cross, layout_basic,
          shapermc_ecumenical_altar_acropolis, serial_glass, glass_columns_a,
          glass_columns_c, glass_columns_b, glass_columns_a, glass_columns_b,
          glass_columns_b, item_on_display_a, feat_on_display,
          minmay_strange_pillars
D:2:      minmay_recursive_quarters, layout_basic, grunt_decor_fettered

Skill      XL: |  1 |
---------------+----+-----
Dodging        | 2 |  2.3
Stealth        | 2 |  2.2
Fighting       | |  0.6
Spellcasting   | |  2.5
Necromancy     | |  4.8

Action                     || total
---------------------------++-------
  Melee: Unarmed           ||     5
         Short sword       ||    16
   Cast: Necrotise         ||    62
 Armour: Robe              ||    25
  Dodge: Dodged            ||    32
